 Dungeon Crawl Stone Soup version 0.20.1-1-g8b1a95d (webtiles) character file.

94 letownia2 the Grave Robber (level 4, -5/36 HPs)
             Began as a Deep Dwarf Necromancer on Dec 15, 2017.
             Killed by nerve-wracking pain
             ... invoked by an orc priest
              (7 damage)
             ... on level 4 of the Dungeon.
             The game lasted 00:03:40 (911 turns).

letownia2 the Grave Robber (Deep Dwarf Necromancer)  Turns: 911, Time: 00:03:41

Health: -5/36      AC:  5    Str: 11    XL:     4   Next: 38%
Magic:  2/8        EV: 11    Int: 17    God:
Gold:   65         SH:  0    Dex: 13    Spells: 5/9 levels left

rFire    . . .     SeeInvis .   (no weapon)
rCold    . . .     Gourm    .   (no shield)
rNeg     . . .     Faith    .   d - +0 ring mail
rPois    .         Spirit   .   (no helmet)
rElec    .         Reflect  .   (no cloak)
rCorr    .         Harm     .   (no gloves)
MR       .....                  (no boots)
Stlth    +.........             (no amulet)
Regen    0.0/turn               (no ring)
MPRegen  0.2/turn               (no ring)

@: non-regenerating
A: damage resistance, heal wounds, sense surroundings 1, no regeneration
a: Heal Wounds


You were on level 4 of the Dungeon.
You were hungry.

You visited 1 branch of the dungeon, and saw 4 of its levels.

You collected 65 gold pieces.

Inventory:

Hand Weapons
 g - a +0 antimagic mace
Missiles
 m - 5 javelins (quivered)
Armour
 a - a +0 robe
 d - a +0 ring mail (worn)
Scrolls
 e - a scroll of magic mapping {unknown}
 f - a scroll of remove curse {unknown}
 h - a scroll of immolation {unknown}
 j - 2 scrolls of identify {unknown}
Potions
 i - a potion of magic {unknown}
 k - a potion of resistance {unknown}
Books
 b - a book of Necromancy

   Spells                             Type                      Level
   a - Pain                           Necromancy                   1
   b - Animate Skeleton               Necromancy                   1
   c - Vampiric Draining              Necromancy                   3
   d - Regeneration                   Charms/Necromancy            3
   e - Animate Dead                   Necromancy                   4
   f - Control Undead                 Necromancy                   4
Comestibles
 c - 2 bread rations
 l - 4 chunks of flesh


   Skills:
 - Level 2.1 Dodging
 - Level 2.4 Stealth
 + Level 3.1 Spellcasting
 + Level 5.4 Necromancy


You had 5 spell levels left.
You knew the following spells:

 Your Spells              Type           Power        Failure   Level  Hunger
a - Pain                  Necr           ###.         4%          1    None
v - Vampiric Draining     Necr           ###.......   13%         3    ###....


Dungeon Overview and Level Annotations

Branches:
Dungeon (4/15)
 Temple: D:4-7

Altars:
Ashenzari


Innate Abilities, Weirdness & Mutations

You are resistant to damage.
You can heal yourself by infusing magical energy.
You passively map a small area around you.
You do not regenerate.


Message History

The sky beast flickers out of sight!
Deactivating autopickup; reactivate with Ctrl-A.
A sky beast appears from thin air!
Reactivating autopickup.
Your magical contamination has completely faded away.
Things that are here:
a flail; an orc skeleton
There is a stone staircase leading up here.
Really attack barehanded? [Y]es or [N]o only, please.
Really attack barehanded?
Okay, then.
The orc priest barely misses you.
The sky beast flickers out of sight!
Deactivating autopickup; reactivate with Ctrl-A.
Something hits you but does no damage.
The orc priest hits you but does no damage.
Something hits you but does no damage.
The orc priest mumbles some strange prayers to Beogh against you.
Pain shoots through your body!
You die...

..#######.###............
................[........
...........#####≈........
#.....#######....# ##.###+##
#.....#####...#### #Y##*.#
....#............# #o.#*.#
...(.............## ##.##.#
.................o######.o#.#
................@)....###.#(#
.....#................# #...#
..[..'...†..#####.....####..#
.....##.##### #.....'....>#
......#.# #.....#######
......#.### ###...........#
..........# #....##.......#
..........+ #....##.(.....#
..........# #....)........#


You could see an orc priest.

Vanquished Creatures
  A scorpion (D:4)
  A worker ant (D:4)
  2 leopard geckos
  3 orcs
  A giant cockroach (D:3)
  2 hobgoblins (D:3)
  3 jackals (D:3)
  A frilled lizard (D:3)
  5 rats
19 creatures vanquished.

Notes
Turn   | Place    | Note
-------+----------+-------------------------------------------
     0 | D:1      | letownia2 the Deep Dwarf Necromancer began the quest for the Orb.
     0 | D:1      | Reached XP level 1. HP: 15/15 MP: 3/3
   296 | D:4      | Noticed a sky beast
   332 | D:3      | Reached XP level 2. HP: 10/22 MP: 0/5
   480 | D:3      | Found a shattered altar of Ashenzari.
   626 | D:4      | Noticed an ogre
   699 | D:4      | Reached skill level 5 in Necromancy
   699 | D:4      | Reached XP level 3. HP: 9/28 MP: 2/7
   710 | D:3      | Learned a level 3 spell: Vampiric Draining
   840 | D:4      | Noticed a scorpion
   849 | D:4      | HP: 1/28 [scorpion (4)]
   852 | D:4      | Killed a scorpion
   852 | D:4      | Reached XP level 4. HP: 1/36 MP: 1/8
   911 | D:4      | Killed from afar by an orc priest

Skill      XL: |  1  2  3 |
---------------+----------+-----
Spellcasting   | 2 3 |  3.1
Necromancy     | 5 |  5.4
Dodging        | |  2.1
Stealth        | |  2.4

Action                   |  1- 3 |  4- 6 || total
-------------------------+-------+-------++-------
Melee: Mace              |    10 |       ||    10
Throw: Javelin           |     2 |       ||     2
 Cast: Pain              |    27 |       ||    27
       Vampiric Draining |     2 |     2 ||     4
Armor: Ring mail         |    10 |     2 ||    12
Dodge: Dodged            |    41 |     3 ||    44
